 Dungeon Crawl Stone Soup version 0.20.0-8-g6b59dc7 (webtiles) character file.

288 Ketharn the Slasher (level 6, -1/69 HPs)
             Began as a Vampire Gladiator on May 31, 2017.
             Succumbed to a worker ant's poison
             ... on level 5 of the Dungeon.
             The game lasted 00:17:19 (3406 turns).

Ketharn the Slasher (Vampire Gladiator)             Turns: 3406, Time: 00:17:19

Health: -1/69      AC: 23    Str: 20    XL:     6   Next: 9%
Magic:  6/6        EV:  2    Int: 11    God:
Gold:   118        SH:  7    Dex: 15    Spells: 5/5 levels left

rFire    . . .     SeeInvis +   a - +0 long sword
rCold    . . .     Gourm    .   u - +0 shield
rNeg     + + +     Faith    .   (armour currently unavailable)
rPois    +         Spirit   .   (helmet currently unavailable)
rElec    .         Reflect  .   (cloak currently unavailable)
rCorr    .         Harm     .   (gloves currently unavailable)
MR       .....     NoTele   +   (boots currently unavailable)
Stlth    +.........             (no amulet)
Regen    0.3/turn               l - +5 ring of strength
MPRegen  0.1/turn               (no ring)

@: lethally poisoned (-1 -> -15), tree-form
A: see invisible
a: Bat Form


You were on level 5 of the Dungeon.
You were not thirsty.
You were a tree.
You visited 1 branch of the dungeon, and saw 5 of its levels.

You collected 118 gold pieces.

Inventory:

Hand Weapons
 a - a +0 long sword (weapon)
Missiles
 d - 2 throwing nets
 j - 109 stones (quivered)
Armour
 c - a +1 helmet (melded)
 m - a +0 pair of boots (melded)
 r - a +0 chain mail (melded)
 u - a +0 shield (worn)
Jewellery
 l - a +5 ring of strength (left branch)
Wands
 s - a wand of disintegration (12/24)
Scrolls
 b - 2 scrolls of remove curse
 f - a scroll of recharging {unknown}
 g - 2 scrolls of amnesia
 o - 2 scrolls of fog
 p - 2 scrolls of teleportation {unknown}
 t - a scroll of identify
Potions
 e - 15 potions of blood
 h - 2 potions of flight {unknown}
 k - 3 potions of resistance {unknown}
 n - a potion of haste {unknown}
 q - a potion of ambrosia {unknown}


   Skills:
 * Level 2.5 Fighting
 * Level 5.0 Long Blades
 * Level 2.4 Throwing
 * Level 1.2 Armour
 + Level 4.4 Dodging


You had 5 spell levels left.
You didn't know any spells.

Dungeon Overview and Level Annotations

Branches:
Dungeon (5/15)
 Temple: D:4-7

Altars:

Annotations:
D:4 harmitage's ghost, novice OgVM


Innate Abilities, Weirdness & Mutations

((You have razor-sharp teeth.))
You have supernaturally acute eyesight. (SInv)
((You can survive without breathing.))


Message History

There is a stone staircase leading down here.
* * * LOW HITPOINT WARNING * * *
You feel sick. The worker ant bites you.
* * * LOW HITPOINT WARNING * * *
You are more poisoned.
The worker ant poisons you!
You climb downwards.
A quokka comes into view.
* * * LOW HITPOINT WARNING * * *
You feel sick.
There is a stone staircase leading up here.
You turn into a tree.
Your +1 helmet melds into your body.
Your +0 pair of boots melds into your body.
Your +0 chain mail melds into your body.
Your roots penetrate the ground.
* * * LOW HITPOINT WARNING * * *
You feel sick. The worker ant bites you.
* * * LOW HITPOINT WARNING * * *
You closely miss the quokka.
You die...

##############
##.............
.......♣r.#
........a.#
..........#
..........#
##+########


You could see a worker ant and a quokka.

Vanquished Creatures
  Sigmund (D:2)
  4 adders
  2 oozes (D:3)
  2 worms
  A dart slug (D:2)
  A leopard gecko (D:2)
  5 orcs (D:3)
  2 ball pythons
  4 giant cockroaches
  7 hobgoblins
  6 jackals
  8 kobolds
  A quokka (D:3)
  8 bats
  3 frilled lizards
  12 goblins
  6 rats
73 creatures vanquished.

Notes
Turn   | Place    | Note
-------+----------+-------------------------------------------
     0 | D:1      | Ketharn the Vampire Gladiator began the quest for the Orb.
     0 | D:1      | Reached XP level 1. HP: 16/16 MP: 1/1
   263 | D:1      | Reached XP level 2. HP: 10/22 MP: 2/2
   996 | D:2      | Reached XP level 3. HP: 27/27 MP: 3/3
  1599 | D:2      | Noticed Sigmund
  1600 | D:2      | Reached XP level 4. HP: 31/33 MP: 4/4
  1625 | D:2      | Killed Sigmund
  1625 | D:2      | Reached skill level 4 in Long Blades
  1625 | D:2      | Reached skill level 1 in Armour
  1625 | D:2      | Reached XP level 5. HP: 39/39 MP: 5/5
  3025 | D:3      | Reached skill level 5 in Long Blades
  3090 | D:3      | Reached XP level 6. HP: 46/46 MP: 6/6
  3383 | D:4      | Noticed harmitage's ghost (novice OgVM)
  3404 | D:5      | Entered Level 5 of the Dungeon
  3405 | D:5      | HP: 1/69 [worker ant (4)]
  3406 | D:5      | Succumbed to a worker ant's poison

Skill      XL: |  1  2  3  4  5 |
---------------+----------------+-----
Fighting       | 2 |  2.5
Dodging        | 4 |  4.4
Long Blades    | 4 5 |  5.0
Throwing       | 2 |  2.4
Armour         | 1 |  1.2

Action                   |  1- 3 |  4- 6 || total
-------------------------+-------+-------++-------
Melee: Long sword        |    88 |   104 ||   192
       Bite              |    10 |    11 ||    21
       Scythe            |       |     5 ||     5
Throw: Throwing net      |     1 |       ||     1
       Stone             |    19 |    10 ||    29
  Use: Potion            |     6 |     7 ||    13
       Scroll            |     6 |     1 ||     7
Armor: Leather armour    |    21 |       ||    21
       Scale mail        |    30 |    17 ||    47
       Skin              |       |     3 ||     3
       Chain mail        |       |    46 ||    46
Dodge: Dodged            |    85 |    62 ||   147
Block: Shield            |       |    11 ||    11
       Rpst.: Long sword |    29 |    15 ||    44
